details: 'market square stabfest'

« prev index next »

General information

Mini Map

Players

team 1
Random» HumanJ4m4ic4n (green | 26 APM | 1214 actions | 47:11)
Hero icon 6 Archmage
Ability icon 3 Blizzard
Ability icon 2 Brilliance Aura
Ability icon 1 Mass Teleport
Hero icon 4 Blood Mage
Ability icon 2 Flame Strike
Ability icon 2 Siphon Mana

» actions
Assign group hotkey29
Basic commands77
Build / train55
Enter build submenu25
Enter hero's abilities submenu10
Remove unit from queue2
Right click242
Select / deselect473
Select group hotkey232
Use ability69
1214 total
» units
Peasant10
Footman2
Rifleman7
Priest4
Spell Breaker5
28 total
» upgrades
Defend1
Gunpowder3
Long Rifles1
Priest Training2
Armor1
8 total
» buildings
Altar of Kings2
Farm11
Barracks3
Lumber Mill1
Blacksmith1
Keep1
Arcane Vault1
Castle1
Arcane Sanctum2
Town Hall2
25 total
» build order
00:13 Altar of Kings
00:23 Farm
00:32 Barracks
00:36 Barracks
00:49 Lumber Mill
01:08 Farm
01:58 Farm
02:09 Barracks
02:37 Farm
03:24 Blacksmith
04:03 Keep
04:23 Farm
04:44 Farm
05:32 Arcane Vault
06:40 Castle
06:45 Arcane Sanctum
08:46 Farm
08:50 Farm
09:30 Arcane Sanctum
13:54 Farm
13:58 Town Hall
16:33 Farm
20:23 Altar of Kings
20:43 Farm
21:17 Town Hall
» items
Scroll of Regeneration2
Scroll of Town Portal1
3 total
Orcxdeathmaskx (yellow | 95 APM | 2223 actions | 23:23)
Hero icon 8 Far Seer
Ability icon 3 Feral Spirit
Ability icon 3 Chain Lighting
Ability icon 1 Earth Quake
Ability icon 1 Far Sight

» actions
Assign group hotkey67
Basic commands137
Build / train127
Enter build submenu13
Enter hero's abilities submenu8
Give item / drop item2
Right click804
Select / deselect360
Select group hotkey409
Use ability296
2223 total
» units
Peon8
Grunt15
Raider67
90 total
» upgrades
Berserker Strength1
Ensnare1
Pillage1
Spiked Barricades1
Melee Weapons2
6 total
» buildings
Altar of Storms2
Orc Burrow4
Barracks1
Voodoo Lounge1
Stronghold1
Beastiary2
War Mill1
Great Hall2
14 total
» build order
00:06 Altar of Storms
00:16 Orc Burrow
00:39 Barracks
01:27 Orc Burrow
01:55 Voodoo Lounge
03:01 Stronghold
03:28 Orc Burrow
05:40 Beastiary
05:44 Beastiary
07:13 Orc Burrow
07:16 War Mill
22:16 Altar of Storms
22:21 Great Hall
22:27 Great Hall
» items
Healing Salve8
Scroll of Speed3
Lesser Clarity Potion3
Scroll of Town Portal1
Potion of Mana2
Potion of Lesser Invulnerability1
Dust of Appearance1
19 total
HumanlI1lIl1IlIlIIl1 (pink | 56 APM | 3330 actions | 58:58)
Hero icon 9 Archmage
Ability icon 3 Summon Water Elemental
Ability icon 3 Brilliance Aura
Ability icon 1 Mass Teleport
Ability icon 2 Blizzard
Hero icon 1 Goblin Tinker
Ability icon 1 Engineering Upgrade
Hero icon 1 Dark Ranger
Ability icon 1 Black Arrow

» actions
Assign group hotkey259
Basic commands244
Build / train175
ESC pressed3
Enter build submenu71
Enter hero's abilities submenu11
Give item / drop item7
Remove unit from queue3
Right click1098
Select / deselect814
Select group hotkey494
Use ability151
3330 total
» units
Peasant12
Footman11
Mortar Team5
Siege Engine6
Knight10
44 total
» upgrades
Swords3
Masonry3
Gunpowder3
Lumber Harvesting2
Animal War Training1
Barrage1
Plating3
Armor3
Fragmentation Shards1
Flare1
Magic Sentry1
Backpack1
Flak Cannons1
Flying Machine Bombs1
Long Rifles1
Defend1
Sorceress Training2
Priest Training2
Control Magic1
32 total
» buildings
Altar of Kings1
Barracks1
Farm9
Scout Tower52
Arcane Tower2
Keep2
Lumber Mill1
Blacksmith1
Arcane Vault1
Gryphon Aviary2
Workshop2
Castle2
Town Hall2
Guard Tower53
Cannon Tower1
Arcane Sanctum2
134 total
» build order
00:07 Altar of Kings
00:09 Barracks
00:36 Farm
01:30 Farm
01:56 Farm
02:03 Scout Tower
02:06 Scout Tower
02:35 Arcane Tower
03:06 Farm
04:18 Keep
04:30 Lumber Mill
04:33 Blacksmith
04:39 Arcane Vault
06:40 Gryphon Aviary
06:41 Gryphon Aviary
07:23 Workshop
07:28 Castle
07:29 Castle
07:31 Workshop
10:20 Farm
10:25 Farm
12:04 Farm
12:06 Farm
12:57 Town Hall
13:00 Scout Tower
16:15 Guard Tower
17:37 Scout Tower
17:39 Scout Tower
17:39 Scout Tower
17:40 Scout Tower
20:14 Farm
21:28 Guard Tower
25:39 Scout Tower
25:40 Scout Tower
25:42 Scout Tower
27:30 Cannon Tower
27:31 Arcane Tower
27:32 Guard Tower
27:36 Arcane Sanctum
28:07 Scout Tower
28:08 Scout Tower
28:10 Scout Tower
28:11 Scout Tower
29:19 Guard Tower
29:20 Guard Tower
29:41 Guard Tower
29:41 Guard Tower
29:43 Guard Tower
29:43 Guard Tower
29:59 Guard Tower
30:00 Guard Tower
30:00 Guard Tower
30:06 Scout Tower
30:09 Scout Tower
30:34 Guard Tower
30:38 Scout Tower
30:59 Guard Tower
30:59 Guard Tower
30:59 Guard Tower
31:25 Guard Tower
40:19 Scout Tower
40:20 Scout Tower
40:20 Scout Tower
40:20 Scout Tower
40:21 Scout Tower
40:22 Scout Tower
40:23 Scout Tower
40:24 Scout Tower
40:29 Scout Tower
40:41 Scout Tower
40:43 Scout Tower
40:44 Scout Tower
40:50 Guard Tower
40:51 Guard Tower
40:51 Guard Tower
40:52 Guard Tower
40:57 Guard Tower
40:57 Guard Tower
40:59 Guard Tower
40:59 Guard Tower
41:02 Scout Tower
41:03 Scout Tower
41:05 Guard Tower
41:05 Guard Tower
41:27 Guard Tower
41:27 Guard Tower
41:30 Scout Tower
41:31 Scout Tower
41:37 Scout Tower
41:41 Scout Tower
43:27 Guard Tower
43:27 Guard Tower
43:27 Guard Tower
43:31 Scout Tower
43:32 Scout Tower
43:34 Scout Tower
43:35 Scout Tower
43:59 Guard Tower
44:03 Scout Tower
44:09 Guard Tower
44:12 Scout Tower
44:14 Scout Tower
44:17 Scout Tower
44:19 Guard Tower
44:50 Guard Tower
44:55 Guard Tower
44:55 Guard Tower
45:35 Town Hall
45:53 Scout Tower
45:54 Scout Tower
45:57 Scout Tower
46:00 Scout Tower
46:48 Guard Tower
46:48 Guard Tower
46:49 Guard Tower
48:55 Scout Tower
48:56 Scout Tower
48:59 Scout Tower
49:19 Scout Tower
49:19 Scout Tower
50:05 Guard Tower
50:05 Guard Tower
50:08 Arcane Sanctum
» items
Staff of Teleportation1
Boots of Speed1
Scroll of Regeneration9
Orb of Fire1
Scroll of Town Portal3
Potion of Healing4
19 total
Random» Orcpanic-attacker (orange | 20 APM | 1151 actions | 58:58)
Hero icon 6 Tauren Chieftain
Ability icon 3 Endurance Aura
Ability icon 2 War Stomp
Ability icon 1 Reincarnation
Hero icon 3 Shadow Hunter
Ability icon 2 Hex
Ability icon 1 Healing Wave

» actions
Assign group hotkey13
Basic commands3
Build / train57
Enter build submenu39
Enter hero's abilities submenu9
Right click344
Select / deselect340
Select group hotkey264
Use ability82
1151 total
» units
Peon18
Grunt8
Wind Rider8
34 total
» upgrades
Pillage1
Armor3
Berserker Strength1
Envenomed Spears1
Reinforced Defenses1
7 total
» buildings
Altar of Storms2
Orc Burrow8
Barracks1
Voodoo Lounge1
War Mill1
Great Hall2
Stronghold1
Beastiary2
Fortress1
Watch Tower22
41 total
» build order
00:06 Altar of Storms
00:11 Orc Burrow
01:12 Barracks
01:32 Orc Burrow
02:21 Voodoo Lounge
02:32 Orc Burrow
03:44 Orc Burrow
03:54 War Mill
04:48 Orc Burrow
06:02 Great Hall
06:27 Orc Burrow
06:59 Stronghold
08:41 Orc Burrow
09:21 Beastiary
09:24 Beastiary
09:26 Fortress
17:15 Orc Burrow
18:46 Great Hall
20:19 Altar of Storms
25:22 Watch Tower
25:27 Watch Tower
25:33 Watch Tower
25:37 Watch Tower
25:44 Watch Tower
25:50 Watch Tower
26:37 Watch Tower
26:50 Watch Tower
26:54 Watch Tower
26:58 Watch Tower
27:02 Watch Tower
27:06 Watch Tower
27:31 Watch Tower
27:58 Watch Tower
28:02 Watch Tower
28:37 Watch Tower
28:44 Watch Tower
28:49 Watch Tower
29:05 Watch Tower
29:25 Watch Tower
29:30 Watch Tower
30:25 Watch Tower
» items
Healing Salve2
Scroll of Speed1
3 total
team 2
Random» UndeadCrAzYmOfO69 (teal | 64 APM | 1960 actions | 30:46)
Hero icon 9 Crypt Lord
Ability icon 3 Impale
Ability icon 3 Spiked Carapace
Ability icon 1 Locust Swarm
Ability icon 2 Carrion Beetles

» actions
Assign group hotkey26
Basic commands34
Build / train94
Enter build submenu17
Enter hero's abilities submenu9
Remove unit from queue4
Right click986
Select / deselect374
Select group hotkey330
Use ability86
1960 total
» units
Acolyte7
Ghoul3
Crypt Fiend16
Obsidian Statue2
Abomination13
Gargoyle2
43 total
» upgrades
Creature Attack2
Web1
Burrow1
Creature Carapace2
Destroyer Form0
Disease Cloud1
Unholy Armor2
Cannibalize1
Unholy Strength2
12 total
» buildings
Ziggurat6
Altar of Darkness1
Crypt3
Graveyard2
Tomb of Relics1
Nerubian Tower1
Halls of the Dead1
Slaughterhouse2
Black Citadel1
18 total
» build order
00:10 Ziggurat
00:12 Altar of Darkness
00:36 Crypt
00:45 Crypt
00:59 Crypt
01:22 Graveyard
01:33 Graveyard
01:43 Ziggurat
02:30 Tomb of Relics
02:39 Nerubian Tower
04:37 Ziggurat
05:04 Halls of the Dead
07:15 Ziggurat
07:21 Ziggurat
07:23 Ziggurat
08:46 Slaughterhouse
10:29 Black Citadel
21:14 Slaughterhouse
» items
Rod of Necromancy2
Lesser Clarity Potion4
Scroll of Town Portal5
Potion of Healing2
Potion of Mana1
Anti-magic Potion1
Scroll of Protection1
Scroll of Regeneration1
17 total
Random» NightElfThSaggiestBalls (purple | 41 APM | 2174 actions | 53:25)
Hero icon 6 Goblin Alchemist
Ability icon 3 Acid Bomb
Ability icon 2 Healing Spray
Ability icon 1 Transmute

» actions
Assign group hotkey68
Basic commands158
Build / train178
Enter build submenu53
Enter hero's abilities submenu6
Give item / drop item1
Remove unit from queue11
Right click899
Select / deselect528
Select group hotkey107
Use ability164
2174 total
» units
Wisp87
Archer8
Huntress10
Druid of the Talon6
Hippogryph15
Dryad5
Mountain Giant1
Glaive Thrower3
135 total
» upgrades
Moon Armor1
Strength of the Moon2
Strength of the Wild1
Reinforced Hides2
Upgrade Moon Glaive1
Druid of the Talon Training2
Mark of the Talon1
Ultravision1
Vorpal Blades1
12 total
» buildings
Altar of Elders1
Moon Well17
Ancient of War11
Hunter's Hall1
Ancient of Wonders8
Tree of Ages3
Ancient Protector17
Tree of Eternity1
Ancient of Wind5
Tree of Life12
Ancient of Lore2
78 total
» build order
00:19 Altar of Elders
00:33 Moon Well
01:12 Ancient of War
01:37 Ancient of War
02:02 Moon Well
02:59 Hunter's Hall
03:33 Moon Well
03:59 Ancient of Wonders
04:53 Moon Well
07:08 Tree of Ages
09:28 Ancient Protector
09:30 Ancient Protector
09:31 Ancient Protector
09:35 Tree of Eternity
09:47 Ancient of Wind
09:48 Ancient of Wind
09:50 Ancient of Wind
09:55 Ancient of Wind
10:47 Ancient of Wind
11:13 Tree of Life
17:04 Ancient Protector
17:08 Ancient Protector
17:11 Ancient Protector
17:13 Ancient Protector
17:17 Ancient Protector
17:19 Ancient Protector
17:19 Ancient Protector
17:20 Ancient Protector
18:24 Ancient of Lore
18:27 Ancient of Lore
22:01 Tree of Life
22:31 Moon Well
22:32 Moon Well
22:33 Moon Well
30:10 Tree of Life
30:15 Tree of Life
30:55 Tree of Life
32:21 Tree of Life
32:59 Tree of Life
35:24 Ancient of War
35:31 Ancient of Wonders
37:17 Ancient Protector
38:47 Moon Well
38:52 Moon Well
39:31 Ancient of War
40:14 Tree of Ages
40:28 Ancient Protector
40:54 Tree of Life
41:31 Tree of Life
47:12 Ancient of War
47:53 Moon Well
47:54 Moon Well
47:54 Moon Well
47:55 Moon Well
47:55 Moon Well
47:55 Moon Well
47:56 Moon Well
47:59 Tree of Life
48:01 Ancient Protector
48:02 Ancient Protector
48:06 Ancient Protector
48:21 Ancient of War
48:22 Ancient of War
48:24 Ancient of War
48:25 Ancient of War
48:27 Ancient of War
48:31 Ancient of Wonders
48:33 Ancient of Wonders
49:15 Tree of Life
49:20 Tree of Life
52:20 Ancient of War
52:23 Ancient of Wonders
52:29 Ancient of Wonders
52:30 Ancient of Wonders
52:33 Ancient of Wonders
» items
Periapt of Vitality1
Scroll of Town Portal1
2 total
Undeadblack5230 (blue | 38 APM | 1956 actions | 51:44)
Hero icon 4 Lich
Ability icon 2 Frost Nova
Ability icon 2 Frost Armor
Hero icon 1 Death Knight
Ability icon 1 Death Coil

» actions
Basic commands12
Build / train82
Enter build submenu41
Enter hero's abilities submenu5
Remove unit from queue2
Right click734
Select / deselect970
Use ability110
1956 total
» units
Acolyte15
Ghoul17
Obsidian Statue7
Abomination2
Gargoyle10
51 total
» upgrades
Unholy Armor1
Unholy Strength1
Creature Attack2
Creature Carapace3
Destroyer Form1
8 total
» buildings
Ziggurat15
Crypt2
Altar of Darkness2
Graveyard2
Nerubian Tower2
Tomb of Relics2
Halls of the Dead3
Spirit Tower4
Slaughterhouse2
Temple of the Damned1
Sacrificial Pit1
Black Citadel2
Necropolis2
40 total
» build order
00:09 Ziggurat
00:13 Crypt
00:37 Altar of Darkness
01:08 Graveyard
01:47 Ziggurat
01:56 Nerubian Tower
02:48 Tomb of Relics
03:59 Ziggurat
06:38 Halls of the Dead
07:09 Ziggurat
07:12 Ziggurat
07:14 Spirit Tower
08:21 Ziggurat
09:09 Slaughterhouse
09:12 Temple of the Damned
09:46 Sacrificial Pit
10:09 Black Citadel
12:37 Slaughterhouse
21:36 Necropolis
21:40 Altar of Darkness
21:42 Ziggurat
25:16 Crypt
25:18 Ziggurat
25:27 Ziggurat
26:01 Halls of the Dead
27:57 Ziggurat
28:01 Tomb of Relics
28:53 Graveyard
28:58 Ziggurat
29:03 Black Citadel
29:41 Nerubian Tower
35:13 Necropolis
38:49 Halls of the Dead
39:05 Spirit Tower
39:11 Ziggurat
40:24 Ziggurat
40:29 Ziggurat
41:28 Spirit Tower
41:30 Spirit Tower
43:51 Ziggurat
» items
Rod of Necromancy1
Potion of Healing1
Scroll of Town Portal1
3 total
HumanBIGGESTLOSER. (red | 51 APM | 2999 actions | 59:02)
Hero icon 9 Mountain King
Ability icon 3 Storm Bolt
Ability icon 3 Bash
Ability icon 1 Avatar
Ability icon 2 Thunder Clap

» actions
Assign group hotkey55
Basic commands123
Build / train98
Enter build submenu26
Enter hero's abilities submenu9
Give item / drop item5
Remove unit from queue2
Right click1279
Select / deselect347
Select group hotkey928
Use ability126
2999 total
» units
Peasant26
Footman7
Gryphon Rider17
Dragonhawk Rider3
53 total
» upgrades
Animal War Training1
Lumber Harvesting1
Masonry1
Swords3
Armor3
Storm Hammers1
Cloud1
11 total
» buildings
Altar of Kings1
Barracks1
Farm15
Arcane Vault1
Scout Tower4
Arcane Tower1
Keep1
Lumber Mill1
Blacksmith2
Castle2
Guard Tower2
Gryphon Aviary2
Town Hall6
Ancient of Lore1
40 total
» build order
00:10 Altar of Kings
00:22 Barracks
00:36 Farm
00:52 Farm
01:29 Farm
01:49 Arcane Vault
01:58 Scout Tower
02:32 Arcane Tower
03:10 Farm
03:51 Keep
03:56 Scout Tower
03:57 Scout Tower
03:58 Scout Tower
05:03 Lumber Mill
05:15 Blacksmith
06:22 Castle
06:22 Castle
06:45 Guard Tower
06:45 Guard Tower
08:18 Gryphon Aviary
08:23 Gryphon Aviary
08:26 Farm
08:27 Farm
08:28 Farm
08:30 Farm
08:37 Farm
08:37 Farm
08:38 Farm
08:39 Farm
10:35 Farm
10:37 Farm
10:37 Farm
11:45 Town Hall
24:59 Town Hall
30:46 Town Hall
32:15 Blacksmith
53:10 Town Hall
56:12 Town Hall
56:15 Town Hall
57:05 Ancient of Lore
» items
Scroll of Regeneration5
Potion of Mana2
Scroll of Town Portal4
Lesser Clarity Potion1
Potion of Lesser Invulnerability2
Scroll of Healing1
Staff of Teleportation1
16 total

Chat log

(00:06 / Allies) ThSaggiestBalls: turtle up ladies
(00:08 / Allies) ThSaggiestBalls: its gonna get good
(00:30 / Allies) CrAzYmOfO69: plan?
(00:32 / Allies) black5230: rush?
(00:47 / Allies) CrAzYmOfO69: up to you
(00:58 / All) BIGGESTLOSER.: COCK
(01:00 / All) BIGGESTLOSER.: BALLS
(01:01 / Allies) CrAzYmOfO69: fiend
(01:02 / Allies) CrAzYmOfO69: stat
(01:05 / Allies) ThSaggiestBalls: i am worried about him
(01:06 / All) lI1lIl1IlIlIIl1: BALLZACK
(01:14 / Allies) ThSaggiestBalls: he might not make it
(01:41 / Allies) BIGGESTLOSER.: purple im a former #1 rank rt player u watch your mouth
(01:55 / Allies) ThSaggiestBalls: well i certainly respect your skill but you watch your mouth sir
(02:06 / Allies) BIGGESTLOSER.: im gonna chill this game
(02:21 / All) BIGGESTLOSER.: where u at nigga whisper me

(03:45 / Allies) BIGGESTLOSER.: 1 sec too late
(03:46 / Allies) BIGGESTLOSER.: nigger
(04:11 / Allies) BIGGESTLOSER.: purp u a stabber?
(04:19 / Allies) ThSaggiestBalls: no
(04:21 / Allies) ThSaggiestBalls: why do u ask
(04:31 / Allies) ThSaggiestBalls: i thought u were gonna be tho
(04:40 / Allies) BIGGESTLOSER.: middle
(04:41 / Allies) BIGGESTLOSER.: now
(04:48 / Allies) ThSaggiestBalls: omw
(04:56 / Allies) BIGGESTLOSER.: go niggers
(05:18 / Allies) CrAzYmOfO69: come
(05:24 / Allies) BIGGESTLOSER.: hes a retard just go
(05:40 / Allies) BIGGESTLOSER.: i call tome of power
(05:46 / Allies) ThSaggiestBalls: all yours
(06:29 / Allies) BIGGESTLOSER.: aget back nigger
(06:40 / Allies) CrAzYmOfO69: fuck u im not black
(06:48 / Allies) BIGGESTLOSER.: lalw
(07:38 / Allies) CrAzYmOfO69: b
(07:56 / Allies) CrAzYmOfO69: red
(08:05 / Allies) BIGGESTLOSER.: back up niggas
(09:02 / Allies) ThSaggiestBalls: lets fucking kill something
(09:03 / Allies) CrAzYmOfO69: ?
(09:18 / Allies) BIGGESTLOSER.: oj has bot right expo

(11:16 / Allies) CrAzYmOfO69: fuck
(11:17 / Allies) CrAzYmOfO69: me
(11:32 / Allies) BIGGESTLOSER.: back up
(11:33 / Allies) CrAzYmOfO69: fuck
(11:35 / Allies) ThSaggiestBalls: they dont kno ur there/
(11:41 / Allies) ThSaggiestBalls: or forgot
(11:47 / Allies) ThSaggiestBalls: ill erscue
(11:54 / Allies) ThSaggiestBalls: gogo now
(12:14 / Allies) BIGGESTLOSER.: stay
(12:15 / Allies) BIGGESTLOSER.: stay
(12:16 / Allies) ThSaggiestBalls: got no tp

(13:20 / Allies) ThSaggiestBalls: i got anti air
(13:28 / Allies) CrAzYmOfO69: k
(13:34 / Allies) CrAzYmOfO69: im going destro
(13:43 / Allies) CrAzYmOfO69: hmm
(13:48 / Allies) CrAzYmOfO69: or not
(13:50 / Allies) CrAzYmOfO69: abom
(13:51 / Allies) CrAzYmOfO69: then
(14:13 / Allies) ThSaggiestBalls: red u got hunted down
(14:14 / Allies) ThSaggiestBalls: like prey
(14:19 / Allies) BIGGESTLOSER.: i know i was chatting to my team
(14:24 / Allies) BIGGESTLOSER.: kill ur team
(14:32 / Allies) CrAzYmOfO69: tp??
(14:35 / Allies) BIGGESTLOSER.: tp
(14:52 / Allies) ThSaggiestBalls: i dont have at p

(16:58 / Allies) BIGGESTLOSER.: my friend is gonna stab
(17:05 / Allies) ThSaggiestBalls: nice
(17:09 / Allies) BIGGESTLOSER.: pink
(17:29 / Allies) ThSaggiestBalls: good
(17:30 / Allies) ThSaggiestBalls: we need it
(17:47 / Allies) CrAzYmOfO69: sry blue i had to run
(17:50 / Allies) BIGGESTLOSER.: hes gonna stab their halls soon
(17:51 / Allies) BIGGESTLOSER.: lawl
(17:53 / Allies) BIGGESTLOSER.: watfch
(18:01 / Allies) BIGGESTLOSER.: hes killing oj currently
(18:24 / Allies) BIGGESTLOSER.: i played like shit
(18:29 / Allies) ThSaggiestBalls: sa,e
(18:30 / Allies) ThSaggiestBalls: same
(18:35 / Allies) BIGGESTLOSER.: im fucking typing to him
(18:46 / Allies) BIGGESTLOSER.: wait
(18:47 / Allies) BIGGESTLOSER.: nigger
(18:48 / Allies) BIGGESTLOSER.: stay there
(19:04 / Allies) BIGGESTLOSER.: stay teal
(19:48 / Allies) BIGGESTLOSER.: back up
(19:50 / Allies) CrAzYmOfO69: really
(19:58 / Allies) CrAzYmOfO69: i just got fucking raped
(19:58 / Allies) BIGGESTLOSER.: ur fighting a 2v3 moron
(20:24 / Allies) CrAzYmOfO69: fuckin yellow and his ensare bs
(20:29 / Allies) ThSaggiestBalls: agree
(20:36 / Allies) BIGGESTLOSER.: his hero wont last another round
(21:21 / All) lI1lIl1IlIlIIl1: pink has hemroids - oj
(21:50 / All) lI1lIl1IlIlIIl1: pink has aids - green
(22:04 / Allies) CrAzYmOfO69: need tp
(22:12 / Allies) BIGGESTLOSER.: tp
(22:12 / Allies) ThSaggiestBalls: omw red
(22:13 / Allies) BIGGESTLOSER.: my base
(22:13 / Allies) BIGGESTLOSER.: tp
(22:14 / Allies) BIGGESTLOSER.: tp
(22:19 / Allies) ThSaggiestBalls: i cant
(22:21 / Allies) ThSaggiestBalls: no hero
(22:33 / Allies) CrAzYmOfO69: ..
(23:04 / All) BIGGESTLOSER.: fucking raped
(23:10 / All) lI1lIl1IlIlIIl1: you idiots lost
(23:14 / All) lI1lIl1IlIlIIl1: leave, oj and green and yellow
(23:26 / All) lI1lIl1IlIlIIl1: good
(23:28 / Allies) CrAzYmOfO69: lol
(23:29 / Allies) CrAzYmOfO69: nice
(23:30 / Allies) BIGGESTLOSER.: hit pink last
(23:30 / All) lI1lIl1IlIlIIl1: now you two faggots leave
(23:33 / Allies) BIGGESTLOSER.: dont hit pink
(23:38 / All) lI1lIl1IlIlIIl1: nah - green
(23:42 / All) panic-attacker: good thing we had a backstabber on our team
(23:43 / All) lI1lIl1IlIlIIl1: red is on my side green
(23:46 / All) lI1lIl1IlIlIIl1: he is my friend
(23:50 / All) lI1lIl1IlIlIIl1: stfu, you have no chance
(24:12 / All) BIGGESTLOSER.: gold plz
(24:31 / All) panic-attacker: i say you tower
(24:35 / All) BIGGESTLOSER.: get back
(24:44 / All) BIGGESTLOSER.: back off pink
(25:02 / All) panic-attacker: homies got a crutch
(25:54 / All) panic-attacker: naughty by nature
(25:59 / Allies) ThSaggiestBalls: nice
(26:06 / Allies) ThSaggiestBalls: aw
(26:11 / All) ThSaggiestBalls: ITS A DOUBLE DOUBLE CROSS
(26:21 / All) BIGGESTLOSER.: i said dont hit him
(26:26 / Allies) ThSaggiestBalls: sorry?
(26:38 / All) lI1lIl1IlIlIIl1: yellow had income
(26:40 / All) lI1lIl1IlIlIIl1: i cannot allow that
(26:44 / All) CrAzYmOfO69: lol
(26:47 / All) BIGGESTLOSER.: let mkill ur winds real quick
(26:49 / All) ThSaggiestBalls: of course not
(26:58 / All) lI1lIl1IlIlIIl1: oj is towering up
(27:02 / Allies) ThSaggiestBalls: lol
(27:03 / All) lI1lIl1IlIlIIl1: he doesn't realise I have siege I guess
(27:04 / All) lI1lIl1IlIlIIl1: moron
(27:04 / Allies) ThSaggiestBalls: you horrible man'
(27:27 / Allies) CrAzYmOfO69: raelly
(27:32 / Allies) ThSaggiestBalls: hahahaha
(27:44 / All) BIGGESTLOSER.: ill sotp
(27:45 / All) BIGGESTLOSER.: teal
(28:14 / All) panic-attacker: wow, you cats are soooooooooo kewl
(28:19 / All) lI1lIl1IlIlIIl1: ty
(28:27 / All) lI1lIl1IlIlIIl1: if only you could be like us
(28:30 / All) panic-attacker: children will say, "i wanna be just like him ma"
(28:38 / All) lI1lIl1IlIlIIl1: i know
(29:03 / Allies) ThSaggiestBalls: omw
(29:10 / Allies) CrAzYmOfO69: fuck off red
(29:43 / Allies) black5230: wtf
(29:44 / Allies) black5230: men
(29:48 / All) lI1lIl1IlIlIIl1: gj purp
(29:50 / All) BIGGESTLOSER.: give me ur gold blue
(29:51 / All) ThSaggiestBalls: thx
(29:51 / All) BIGGESTLOSER.: and u live
(29:52 / All) lI1lIl1IlIlIIl1: self-owned
(29:56 / All) BIGGESTLOSER.: GIVE ME UR GOLD BLUE
(29:58 / All) BIGGESTLOSER.: AND U LIVE
(30:00 / All) ThSaggiestBalls: i thought a headlong charge would be best
(30:01 / Allies) black5230: i go
(30:18 / All) panic-attacker: knew these towers would come in handy!
(30:19 / All) CrAzYmOfO69: this game had turned into tk'ers
(30:34 / All) panic-attacker: welcome to battlenet..
(30:35 / All) ThSaggiestBalls: that's a hell of a base oj
(30:51 / All) lI1lIl1IlIlIIl1: i could rape oj
(30:52 / All) panic-attacker: come at me brah
(30:59 / All) BIGGESTLOSER.: OK ILL SOTP PURP
(31:01 / Allies) black5230: stupid
(31:02 / All) BIGGESTLOSER.: UR SAGF
(31:02 / All) panic-attacker: nopt you teammate
(31:03 / Allies) black5230: red oob
(31:05 / Allies) black5230: noob
(31:05 / All) BIGGESTLOSER.: UR SAFE PURPLE
(31:07 / All) panic-attacker: you the enemy
(31:10 / All) lI1lIl1IlIlIIl1: any xpos to worry about?
(31:12 / All) BIGGESTLOSER.: LETS KILL ORANGE
(31:13 / Allies) black5230: STUPID
(31:14 / All) panic-attacker: who has become a teammate
(31:17 / Allies) black5230: YOU RUIN GAMES
(31:18 / Allies) black5230: NOOB
(31:23 / Allies) black5230: YOU NEVER PLAY 4V4
(31:24 / All) panic-attacker: i shall defeat all my foes!!
(31:24 / Allies) black5230: NOOB
(31:32 / All) BIGGESTLOSER.: blue why u upset at me
(31:33 / All) panic-attacker: mighty eye of sauron
(31:39 / Allies) black5230: SHUT UP
(31:40 / Allies) black5230: NOOB
(31:48 / All) BIGGESTLOSER.: not pink
(31:52 / All) BIGGESTLOSER.: oj is a threat
(32:29 / All) panic-attacker: wow pretty lame teammate
(32:32 / All) BIGGESTLOSER.: orange
(32:35 / All) BIGGESTLOSER.: i stabbed my team
(32:36 / All) BIGGESTLOSER.: its fair
(32:37 / All) BIGGESTLOSER.: nigger
(32:42 / Allies) black5230: NOOB
(32:45 / Allies) black5230: SHUT UP
(32:46 / All) ThSaggiestBalls: my base is destroy
(32:47 / Allies) black5230: PUTO
(32:54 / All) lI1lIl1IlIlIIl1: wtf, mortars are missing
(33:02 / All) panic-attacker: why you gotta bring the n-word into this
(33:07 / All) BIGGESTLOSER.: only one expo purple
(33:09 / All) lI1lIl1IlIlIIl1: stfu nigger
(33:25 / All) panic-attacker: somebodys racist..
(33:30 / All) BIGGESTLOSER.: just one expo purple
(33:30 / All) lI1lIl1IlIlIIl1: my negro
(33:36 / All) lI1lIl1IlIlIIl1: finishing off oj's base
(33:46 / All) lI1lIl1IlIlIIl1: wtf
(33:51 / All) lI1lIl1IlIlIIl1: saggyballs is at green trying to xpo
(34:00 / All) BIGGESTLOSER.: i know
(34:05 / All) BIGGESTLOSER.: i told him he could keep one expo
(34:11 / All) ThSaggiestBalls: JUST NOW
(34:15 / All) BIGGESTLOSER.: let him have greens mine
(34:16 / All) BIGGESTLOSER.: k?
(34:21 / All) lI1lIl1IlIlIIl1: k
(34:30 / All) BIGGESTLOSER.: my nigger griffs are ur base
(34:33 / All) panic-attacker: you all have god complexes, i suggest aggressive therapy stat
(34:37 / All) lI1lIl1IlIlIIl1: wtf
(34:41 / All) lI1lIl1IlIlIIl1: dont kill to towers
(34:44 / All) ThSaggiestBalls: yo pink
(34:48 / All) ThSaggiestBalls: keep yo bitch under control over here
(34:54 / All) lI1lIl1IlIlIIl1: no
(35:13 / All) lI1lIl1IlIlIIl1: ty for xp red
(35:24 / All) lI1lIl1IlIlIIl1: almost level 7
(35:39 / All) lI1lIl1IlIlIIl1: I have 8k gold
(35:45 / All) lI1lIl1IlIlIIl1: don't ever have this happen
(35:53 / All) panic-attacker: im betting your mother didn't love you enough..
(35:59 / All) panic-attacker: or too much
(36:00 / All) BIGGESTLOSER.: thats what happens when u got an expo with towers
(36:16 / All) lI1lIl1IlIlIIl1: didn't your mom teach you not to build towers?
(36:17 / All) BIGGESTLOSER.: coming
(36:23 / Allies) ThSaggiestBalls: thx babe
(36:34 / All) BIGGESTLOSER.: an
(36:35 / All) BIGGESTLOSER.: man
(36:37 / All) BIGGESTLOSER.: blue has no clue
(36:39 / All) BIGGESTLOSER.: what is happening
(36:44 / All) lI1lIl1IlIlIIl1: I am about to get all upgrades
(36:54 / All) panic-attacker: want a gold star?
(37:17 / All) lI1lIl1IlIlIIl1: nice peons
(37:18 / All) lI1lIl1IlIlIIl1: pro
(37:46 / All) lI1lIl1IlIlIIl1: only lost 2 knights
(37:48 / All) lI1lIl1IlIlIIl1: ty for xp
(37:55 / All) BIGGESTLOSER.: ur pretty good with knights tanks
(38:07 / All) lI1lIl1IlIlIIl1: haven't tried this strat before
(38:16 / All) lI1lIl1IlIlIIl1: it seems really good, mortar/tank/knight
(38:20 / All) panic-attacker: but but...
(38:24 / All) panic-attacker: my warrior peons
(38:33 / All) panic-attacker: have fallen in battle
(38:39 / All) panic-attacker: curses undead!!!!!!!
(38:40 / All) lI1lIl1IlIlIIl1: ouch
(39:08 / All) panic-attacker: whose to say whom is mortal in this cruel world?
(39:12 / All) BIGGESTLOSER.: lawl
(39:36 / All) BIGGESTLOSER.: purple
(39:39 / All) BIGGESTLOSER.: rez ur alchemist
(39:40 / All) BIGGESTLOSER.: u nigger
(39:46 / All) ThSaggiestBalls: im so poor
(39:54 / All) panic-attacker: racism isnt that funny..
(39:58 / All) lI1lIl1IlIlIIl1: I would give you gold, but I am on the other team
(40:00 / All) lI1lIl1IlIlIIl1: yes it is oj
(40:06 / Allies) ThSaggiestBalls: thx daddy
(40:10 / All) BIGGESTLOSER.: orange this is bnet racism and 4v4 go hand and hand
(40:12 / All) panic-attacker: he keeps bringing itup..
(40:29 / All) panic-attacker: impolite and unwarranted
(40:46 / All) lI1lIl1IlIlIIl1: like you as a baby
(41:03 / All) panic-attacker: that would be infantile and you can do better than that bro
(41:19 / All) lI1lIl1IlIlIIl1: yes, your birth certificate was an apology letter from the abortion clinic, oj
(41:39 / All) panic-attacker: ummmm, context?
(41:46 / All) panic-attacker: what town was i born?
(41:49 / All) lI1lIl1IlIlIIl1: it has plenty
(41:54 / All) lI1lIl1IlIlIIl1: you were born on maplestreet
(42:08 / All) panic-attacker: wrong! red oak but go on
(42:23 / All) panic-attacker: who was my father in this situation?
(42:31 / All) lI1lIl1IlIlIIl1: me
(42:33 / All) panic-attacker: shall we call him vader?
(42:41 / All) panic-attacker: what is the motive?
(42:43 / All) lI1lIl1IlIlIIl1: darth vader
(43:02 / All) lI1lIl1IlIlIIl1: I didn't lose 1 unit there
(43:16 / All) panic-attacker: you're slipping in your old age, pa
(43:26 / All) BIGGESTLOSER.: try to hit again ill let teal feed u
(43:43 / All) lI1lIl1IlIlIIl1: sec
(43:45 / All) lI1lIl1IlIlIIl1: repairing my shit
(43:58 / All) panic-attacker: more towers homes
(44:04 / All) lI1lIl1IlIlIIl1: of course
(44:19 / All) BIGGESTLOSER.: god dammit purple
(44:20 / All) panic-attacker: sorry i meant holmes
(44:22 / All) BIGGESTLOSER.: i said one expo
(44:29 / Allies) ThSaggiestBalls: one EXPO
(44:30 / Allies) ThSaggiestBalls: and one main
(44:31 / Allies) ThSaggiestBalls: ;)
(44:43 / All) BIGGESTLOSER.: you are very courageous
(44:52 / Allies) ThSaggiestBalls: tyes
(45:02 / All) panic-attacker: his name is ron swanson
(45:07 / All) BIGGESTLOSER.: fine ill leave it
(45:18 / All) lI1lIl1IlIlIIl1: k, where are you feeding me?
(45:22 / All) lI1lIl1IlIlIIl1: why are you leaving
(45:58 / All) BIGGESTLOSER.: purp
(46:01 / All) BIGGESTLOSER.: wuw for that mask of death
(46:02 / All) BIGGESTLOSER.: i
(46:11 / Allies) ThSaggiestBalls: that ring
(46:12 / All) lI1lIl1IlIlIIl1: you killed a knight
(46:13 / All) lI1lIl1IlIlIIl1: god damn
(46:14 / All) panic-attacker: ask for a ferris wheel
(46:25 / All) panic-attacker: no no, a jetpack!
(46:26 / Allies) ThSaggiestBalls: nice
(47:18 / All) lI1lIl1IlIlIIl1: killed the claws by mistake
(47:20 / All) lI1lIl1IlIlIIl1: damn mortars
(47:43 / All) panic-attacker: never speak of the team in that tone
(47:48 / All) lI1lIl1IlIlIIl1: level 10 archmage
(48:15 / All) panic-attacker: get another hero?
(48:28 / All) lI1lIl1IlIlIIl1: Do not tell me what to do.
(48:29 / All) BIGGESTLOSER.: only one mine purple
(48:34 / All) BIGGESTLOSER.: be a good boy
(48:35 / All) lI1lIl1IlIlIIl1: It would not be level 10.
(48:36 / Allies) ThSaggiestBalls: ok
(48:47 / Allies) ThSaggiestBalls: aw
(48:50 / Allies) ThSaggiestBalls: you dont have to kill the wisp
(48:52 / All) panic-attacker: simply a suggestion, not like I'm your father Vader or anything..
(49:06 / All) lI1lIl1IlIlIIl1: I said I am your father, fool
(49:09 / All) lI1lIl1IlIlIIl1: shut your whore mouth
(49:14 / All) BIGGESTLOSER.: purple
(49:16 / All) BIGGESTLOSER.: lets kill his gargs
(49:22 / All) panic-attacker: guessing you don't read much..
(50:13 / Allies) black5230: N OO
(50:14 / Allies) black5230: NOOB
(50:16 / Allies) black5230: I HATE YOU
(50:18 / Allies) black5230: STUPID
(50:21 / All) panic-attacker: bastards
(50:35 / Allies) black5230: IF YOU APEAR ON MY WAY I DESTROY YOU NOOB
(50:42 / All) panic-attacker: ballistas
(50:46 / All) black5230: YES THEY
(50:50 / All) black5230: STUPIDS
(51:03 / All) BIGGESTLOSER.: apologize blue
(51:04 / All) panic-attacker: pro source
(51:05 / All) BIGGESTLOSER.: right now
(51:22 / All) panic-attacker: make him eat the cat poop
(51:30 / All) lI1lIl1IlIlIIl1: purple, please apologise
(51:34 / All) lI1lIl1IlIlIIl1: I let you live, and you do this?
(51:37 / All) lI1lIl1IlIlIIl1: so rude
(51:40 / All) BIGGESTLOSER.: get 2nd hero nigger
(51:42 / All) ThSaggiestBalls: i am sorry
(51:46 / All) panic-attacker: eat the poop!
(51:57 / All) panic-attacker: prove how sorry you are for the forum
(52:45 / All) lI1lIl1IlIlIIl1: sending a pheasant to get a second hero
(52:55 / Allies) ThSaggiestBalls: aw you big meanie
(52:58 / All) panic-attacker: get that lizard one
(53:03 / All) BIGGESTLOSER.: i will let u keep one mine
(53:05 / All) lI1lIl1IlIlIIl1: the pit lord?
(53:06 / All) panic-attacker: or beastmaster
(53:09 / All) lI1lIl1IlIlIIl1: I was thinking tinker
(53:11 / Allies) ThSaggiestBalls: listen
(53:14 / Allies) ThSaggiestBalls: let me keep that one
(53:16 / All) panic-attacker: no the one with the bow and lightning
(53:20 / All) BIGGESTLOSER.: u get botton middle
(53:21 / All) panic-attacker: shes hot
(53:22 / Allies) ThSaggiestBalls: "
(53:23 / All) ThSaggiestBalls: Gg
(53:25 / All) lI1lIl1IlIlIIl1: uh, the naga?
(53:38 / All) panic-attacker: blue breasted princess, i think so
(53:49 / All) BIGGESTLOSER.: orange loses
(53:57 / All) lI1lIl1IlIlIIl1: definitely
(54:02 / All) BIGGESTLOSER.: my team is all gone
(54:06 / All) lI1lIl1IlIlIIl1: his treachery cannot be undone
(54:06 / All) BIGGESTLOSER.: start killing ur shit
(54:12 / All) panic-attacker: no
(54:16 / All) panic-attacker: fight to the death!
(54:20 / All) lI1lIl1IlIlIIl1: Leave, oj, and make this simple for me.
(54:26 / All) lI1lIl1IlIlIIl1: Or stay, and die slowly by attrition.
(54:39 / All) panic-attacker: oh i like to watch...
(54:56 / All) lI1lIl1IlIlIIl1: Then watch and learn how to defeat a moron.
(55:07 / All) lI1lIl1IlIlIIl1: Such as yourself.
(55:28 / All) panic-attacker: i was hoping it could be a sexual kind of cinerio..
(56:08 / All) lI1lIl1IlIlIIl1: You lose, oj. Out.
(56:12 / All) panic-attacker: nah im good
(56:12 / All) lI1lIl1IlIlIIl1: GET THE FUCK OUT
(56:14 / All) lI1lIl1IlIlIIl1: GET THE FUCK OUT
(56:42 / All) panic-attacker: are you trying to get me out so you two can have ghay sex without me???
(56:52 / All) BIGGESTLOSER.: yes
(57:00 / All) lI1lIl1IlIlIIl1: Obviously.
(57:03 / All) panic-attacker: that's just not going to happen then..
(57:04 / All) lI1lIl1IlIlIIl1: Is that even a question?
(57:24 / All) panic-attacker: i will stay forever far beyond the end of this game
(57:39 / All) panic-attacker: an eternity awaits me, i will wait for you each
(57:44 / All) lI1lIl1IlIlIIl1: Far beyond the end? Do you actually click the "Continue Game" button?
(58:01 / All) BIGGESTLOSER.: has orange been talkign like this all game?
(58:10 / All) lI1lIl1IlIlIIl1: Yes.
(58:12 / All) panic-attacker: all relatives and contacts will fade and die away, but i shall stay with you
(58:22 / All) lI1lIl1IlIlIIl1: He has been very mad, in both definitions of angry *and* insane.
(58:28 / All) panic-attacker: forever more we were meant to be together
(58:34 / All) panic-attacker: can't you see?!
(58:43 / All) panic-attacker: can't you all see?!!
(58:58 / All) lI1lIl1IlIlIIl1: Goodbye, orange.